 Dungeon Crawl Stone Soup version 0.29.0-4-gdea44cf6ec (webtiles) character file.

Game seed: 5828286351024777881

20 qw the Chopper (level 2, 0/24 HPs)
             Began as a Barachi Chaos Knight on Sept 5, 2022.
             Slain by a worm (11 damage)
             ... on level 2 of the Dungeon.
             The game lasted 00:00:26 (901 turns).

qw the Chopper (Barachi Chaos Knight)                Turns: 901, Time: 00:00:26

Health: 0/24       AC:  5    Str: 12 (13) XL:     2   Next: 79%
Magic:  2/2        EV: 10    Int:  9 (12) God:
Gold:   44         SH:  0    Dex:  8 (11) Spells: 1/1 levels left

rFire   . . .      SeeInvis .   Y - +0 hand axe (chaos)
rCold   . . .      Faith    .   (no shield)
rNeg    . . .      Spirit   .   i - +0 ring mail
rPois   .          Reflect  .   (no helmet)
rElec   .          Harm     .   (no cloak)
rCorr   .          Rampage  .   (no gloves)
Will    +....                   (no boots)
Stlth   ..........              (no amulet)
HPRegen 0.08/turn               d - ring of willpower
MPRegen 0.08/turn               (no ring)

@: slow
A: amphibious, slowness 1, strong legs 1, +LOS
a: Hop


You were on level 2 of the Dungeon.
You visited 1 branch of the dungeon, and saw 2 of its levels.

You collected 44 gold pieces.


Innate Abilities, Weirdness & Mutations

You are amphibious.
You cover ground slowly.
You can hop short distances.
You have an extended range of vision and can be seen from far away.


   Skills:
 - Level 3.6 Fighting
 + Level 4.4 Axes
 - Level 2.4 Armour
 - Level 1.1 Dodging


You had one spell level left.
You didn't know any spells.
Your spell library was empty.

Inventory:

Hand Weapons
 g - a +0 club
 Y - a +0 hand axe of chaos (weapon)
Armour
 i - a +0 ring mail (worn)
Jewellery
 d - a ring of willpower (left hand)
Potions
 l - a potion of curing
 m - a potion of attraction {unknown}
Miscellaneous
 c - a piece from Xom's chessboard (15/15)

Dungeon Overview and Level Annotations

Branches:
Dungeon (2/15)

Altars:


Message History

Assign waypoint to what number? (0-9, D - delete waypoint) Waypoint 1 assigned to D:2.
Enter note: You hit the endoplasm.
You freeze the endoplasm.
You kill the endoplasm!
A goblin comes into view. It is wielding a +0 club.
882 ||| Stepping ~*~*~tactically~*~*~ (stealth).
883 ||| Stepping ~*~*~tactically~*~*~ (stealth).
A goblin is nearby!
Found 7 gold pieces.
The goblin shouts!
You hear a shout!
The goblin unwields a +0 club.
The goblin wields a +0 sling.
The goblin shoots a sling bullet.
The sling bullet hits you.
The goblin shoots a sling bullet.
The sling bullet closely misses you.
The goblin shoots a sling bullet.
The sling bullet hits you but does no damage.
The goblin unwields a +0 sling.
The goblin wields a +0 club.
The goblin closely misses you.
You hit the goblin.
You kill the goblin!
You start resting.
A goblin comes into view. It is wielding a +0 dagger.
A worm comes into view.
You closely miss the goblin. The goblin hits you but does no damage.
You hit the goblin. You burn the goblin.
You kill the goblin!
You barely miss the worm. You hit the worm.
The worm seems to grow stronger.
The worm is lightly wounded.
The worm bites you!
You hit the worm. You freeze the worm.
The worm is moderately wounded.
The worm bites you.
You hit the worm.
The worm is heavily wounded.
You barely miss the worm.
The worm is heavily wounded.
The worm bites you!
You die...

#.~~~~.~~~~
#.~~~~.....
........~~~
#.~~~~~.~~~
#.~~~~~.~~~
#######.~~~~~.~~~
#.......~~~~~$~~~
#........).......
#.......@w#
#.....<..##..
#.............
#...<...####...
#...$...# #
####.#### #.# #.#
#.#


You could see a worm (strong).

Vanquished Creatures
  A ball python (D:1)
  An endoplasm (D:2)
  A giant cockroach (D:1)
  4 goblins
  2 hobgoblins (D:1)
  2 kobolds (D:1)
  A quokka (D:1)
  A bat (D:1)
  A frilled lizard (D:1)
  4 rats (D:1)
18 creatures vanquished.

Notes
Turn   | Place    | Note
-------+----------+-------------------------------------------
     0 | D:1      | qw the Barachi Chaos Knight began the quest for the Orb.
     0 | D:1      | Reached XP level 1. HP: 18/18 MP: 1/1
     0 | D:1      | 0 ||| qw: Version: 0.1-a-104-g96f76f8
     0 | D:1      | 0 ||| qw: Game counter: 6012
     0 | D:1      | 0 ||| qw: Always use a shield: true
     0 | D:1      | 0 ||| qw: God list: Okawaru
     0 | D:1      | 0 ||| qw: Allow faded altars: false
     0 | D:1      | 0 ||| qw: Do Orc after D:15 true
     0 | D:1      | 0 ||| qw: Do second Lair branch before Depths: true
     0 | D:1      | 0 ||| qw: Lair rune preference: random
     0 | D:1      | 0 ||| qw: Plans: Normal
     0 | D:1      | 0 ||| PLANNING D:1-11
     0 | D:1      | Fell from the grace of Xom
    38 | D:1      | 38 ||| Stepping ~*~*~tactically~*~*~ (stealth).
    48 | D:1      | 48 ||| Stepping ~*~*~tactically~*~*~ (stealth).
    49 | D:1      | 49 ||| Stepping ~*~*~tactically~*~*~ (stealth).
   164 | D:1      | Reached XP level 2. HP: 24/24 MP: 2/2
   223 | D:1      | Reached skill level 4 in Axes
   309 | D:1      | Found a faded altar of an unknown god.
   829 | D:1      | 829 ||| UPGRADING to +0 ring mail.
   839 | D:1      | 839 ||| DROPPING +2 leather armour.
   840 | D:1      | 840 ||| UPGRADING to ring of willpower.
   841 | D:1      | 841 ||| READING scroll labelled YGEIHA CIUNAX.
   842 | D:1      | 842 ||| READING scroll labelled PIUDDE LOCA.
   843 | D:1      | 843 ||| READING scroll labelled OPRICRECVO.
   844 | D:1      | 844 ||| READING scroll labelled UTADOTT BUPNYO.
   845 | D:1      | 845 ||| DRINKING 2 cyan potions.
   846 | D:1      | 846 ||| DRINKING 2 fizzy purple potions.
   847 | D:1      | 847 ||| DROPPING potion of degeneration.
   882 | D:2      | 882 ||| Stepping ~*~*~tactically~*~*~ (stealth).
   883 | D:2      | 883 ||| Stepping ~*~*~tactically~*~*~ (stealth).
   901 | D:2      | Slain by a worm

Levels and vault maps discovered:
D:1:      mrwooster_arrival_statue, layout_basic, nicolae_ecumenical_lake_church
D:2:      layout_loops_ring, minivault_14

Skill      XL: |  1  2 |
---------------+-------+-----
Axes           | 4 |  4.4
Fighting       | |  3.6
Armour         | |  2.4
Dodging        | |  1.1

Action                   || total
-------------------------++-------
Melee: Hand axe          ||    53
Invok: Renounce Religion ||     1
  Use: Scroll            ||     4
       Potion            ||     2
Armor: Leather armour    ||    12
       Ring mail         ||     2
Dodge: Dodged            ||    26

Table legend:
 A = Non-vault XP
 B = Vault XP
 C = Vault XP percentage of total XP
 D = Non-vault monster count
 E = Vault monster count
 F = Vault count percentage of total count
                 A         B        C        D         E       F
            +---------+---------+-------+---------+---------+-------
      Total |      29 |       0 |   0.0 |      18 |       0 |   0.0
            +---------+---------+-------+---------+---------+-------
        D:1 |      23 |       0 |   0.0 |      15 |       0 |   0.0
        D:2 |       6 |       0 |   0.0 |       3 |       0 |   0.0
            +---------+---------+-------+---------+---------+-------
